 Dungeon Sprint DCSS version 0.17-a0-1655-g88a8506 (webtiles) character file.

68966 Kidiri the Imperceptible (level 13, -2/82 HPs)
             Began as a Spriggan Enchanter on Aug 15, 2015.
             Was the Champion of Dithmenos.
             Slain by Norris
             ... wielding a +1 morningstar of crushing
              (24 damage)
             ... in the Dungeon (Sprint III: "The Ten Rune Challenge").
             The game lasted 00:35:15 (6591 turns).

Kidiri the Imperceptible (Spriggan Enchanter)       Turns: 6591, Time: 00:35:15

Health: -2/82      AC:  5    Str: 13    XL:     13   Next: 77%
Magic:  23/38      EV: 37    Int: 20    God:    Dithmenos [******]
Gold:   1224       SH:  0    Dex: 20    Spells: 10 memorised, 15 levels left

rFire  x . .     SeeInvis +     u - +4 quick blade
rCold  + + .     Clarity  .     n - +2 robe {MR+}
rNeg   . . .     SustAt   .     (shield restricted)
rPois  .         Gourm    .     r - +1 hat {MR+}
rElec  .         Spirit   .     (no cloak)
rCorr  .         Warding  .     (gloves unavailable)
rMut   .         NoTele   +     (boots unavailable)
MR     ++++.                    (no amulet)
Stlth  ..........               e - ring of Due Proportion {+Fly rF- rC++ SInv}
                                B - ring of invisibility

@: berserking, very slightly contaminated, wreathed by umbra, very quick,
incredibly resistant to hostile enchantments, extremely unstealthy
A: unfitting armour, thin skeletal structure 1, see invisible, herbivore 3,
speed 3, high mp 1, slow metabolism 2, strong 2, evolution 1
a: Shadow Step, Shadow Form, Renounce Religion, Evoke Invisibility, Evoke Flight
}: 2/10 runes: decaying, barnacled


You were in the Dungeon.
You worshipped Dithmenos.
Dithmenos was exalted by your worship.
You were not hungry.

You visited 1 branch You collected 2602 gold pieces.
You spent 1378 gold pieces at shops.

Inventory:

Hand weapons
 u - a +4 quick blade (weapon)
Missiles
 l - 10 throwing nets (quivered)
Armour
 n - a +2 robe of magic resistance (worn)
 r - a +1 hat of magic resistance (worn)
 w - an ice dragon hide
Jewellery
 e - the ring of Due Proportion (right hand) {+Fly rF- rC++ SInv}
   (You bought it in a shop in the Dungeon)

   [ring of flight]

   It makes you vulnerable to fire.
   It greatly protects you from cold.
   It lets you see invisible.
   It lets you fly.
 v - an uncursed ring of protection from cold
 x - the ring "Nomud" {Wiz Int+5}
   (You found it in the Dungeon)

   [ring of wizardry]

   It improves your spell success rate.
   It affects your intelligence (+5).
 y - the ring "Oplius" {Int+9 Stlth-}
   (You bought it in a shop in the Dungeon)

   [ring of loudness]

   It affects your intelligence (+9).
   It makes you less stealthy.
 B - a ring of invisibility (left hand)
Magical devices
 c - a wand of confusion (29)
 z - a wand of disintegration (8)
Scrolls
 j - a scroll of blinking
 m - a scroll of holy word
 s - 4 scrolls of remove curse
Potions
 b - 2 potions of cancellation
 d - a potion of flight
 g - 3 potions of haste
 h - 3 potions of magic
 i - a potion of berserk rage
 o - a potion of lignification
 q - 2 potions of agility
 t - 2 potions of cure mutation
Comestibles
 a - 2 bread rations
 k - 8 fruits
 p - 25 royal jellies


   Skills:
 + Level 11.9 Short Blades
 * Level 20.0 Dodging
 * Level 21.5 Stealth
 * Level 17.2 Spellcasting
 + Level 8.0 Conjurations
 + Level 13.0 Hexes
 + Level 9.2 Necromancy
 + Level 12.1 Transmutations
 + Level 9.0 Ice Magic
 + Level 8.8 Earth Magic
 + Level 10.0 Poison Magic
 - Level 2.1 Invocations
 + Level 3.3 Evocations


You had 15 spell levels left.
You knew the following spells:

 Your Spells              Type           Power        Failure   Level  Hunger
a - Corona                Hex            ######.      0%          1    None
b - Ensorcelled Hibernat  Hex/Ice        ######       1%          2    None
c - Confuse               Hex            ######..     1%          3    None
d - Tukima's Dance        Hex            ######..     1%          3    None
e - Dazzling Spray        Conj/Hex       ######..     1%          3    None
f - Sublimation of Blood  Necr           ######....   1%          2    None
g - Condensation Shield   Ice            ######....   1%          4    None
h - Alistair's Intoxicat  Trmt/Pois      ######..     1%          4    None
i - Petrify               Trmt/Erth      ######..     1%          4    None
j - Irradiate             Conj/Trmt      ######....   1%          5    ##.....


Dungeon Overview and Level Annotations

Branches:
Dungeon (1/1)

Altars:
Cheibriados
Dithmenos
Elyvilon
Fedhas
Gozag
Kikubaaqudgha
Makhleb
Nemelex Xobeh
Okawaru
Qazlal
Ru
Sif Muna
Trog
Vehumet
Xom
Yredelemnul
Zin
The Shining One
Jiyva
Lugonu

Shops:
D (=?%?(=*(?=([!*}}%:

Annotations:
D Norris


Innate Abilities, Weirdness & Mutations

You are tiny and cannot use many weapons and most armour.
You have supernaturally acute eyesight.
You are a herbivore.
You cover ground extremely quickly.
You need consume almost no food.
You have a somewhat thin skeletal structure (Dex +2, Stealth).
You have an increased reservoir of magic (+10% MP).
Your muscles are very strong. (Str +4)
You evolve.


Message History

You are too injured to fight recklessly!
You are too injured to fight recklessly!
You are too injured to fight recklessly!
You are too injured to fight recklessly!
Norris blocks your attack.
Norris is heavily wounded.
Norris mumbles some strange prayers to his god against you.
You resist with almost no effort. Norris blocks your attack.
Norris is heavily wounded.
Norris blocks your attack.
Norris is heavily wounded.
You hit Norris.
Norris is heavily wounded.
You puncture Norris!
Norris is severely wounded.
Norris blocks your attack.
Norris is severely wounded.
Norris hits you with a morningstar of crushing!!
You die...

#.......#*,,,,,,,*,,,,,,,,,*
#.......#*******,*,,,,,,,,,*
#.......#*,,,,,,,*,,,,,,,,,*
################+###########
###******#...#§§.#§§)§..[≈(#
≈≈#*≈,≈≈≈##.#.#§§#§§≈§§≈≈≈≈#
≈≈#,,≈*≈≈#.#.#.#§#.§§§§....#
≈≈#*≈**≈≈##.#.#@##§..§.....#
≈≈§#**≈≈≈#.#§@§#@§§.§§.....#
*≈≈≈§≈≈≈≈################'##
*,≈≈§≈≈≈≈#}..#...#).#......#
***≈≈≈≈≈≈#.%.#...#..#......#
,,*,≈≈≈≈≈##+###+##..#......#
,,***≈≈###....)..+..#......#
,,+,*,##.#.#####.####......#
#######..'.#)..+.#..#...)..#
......'..#######.+..#......#


You could see Norris (invisible).

Vanquished Creatures
  Rupert (D)
  Frances (D)
  A kraken (D)
  Gastronok (D)
  Chuck (D)
  Maud (D)
  Wiglaf (D)
  2 dire elephants (D)
  A fire dragon (D)
  A yaktaur captain (D)
  Erolcha (D)
  2 hydras (D)
  A centaur warrior (D)
  3 ice dragons (D)
  An alligator snapping turtle (D)
  4 dancing weapons (D)
  4 death yaks (D)
  A death drake (D)
  An orc knight (D)
  A lindwurm (D)
  A spriggan druid (D)
  5 ugly things (D)
  2 elephants (D)
  2 black mambas (D)
  2 spiny frogs (D)
  An orange crystal statue (D)
  A yaktaur (shapeshifter) (D)
  A deep elf priest (D)
  3 wandering mushrooms (D)
  A fire drake (D)
  4 spriggan defenders (D)
  A queen bee (D)
  3 slime creatures (D)
  A komodo dragon (D)
  2 orc high priests (D)
  5 snapping turtles (D)
  8 blink frogs (D)
  A shadow (D)
  4 redbacks (D)
  2 trapdoor spiders (D)
  2 spriggans (D)
  2 hill giants (D)
  A spatial vortex (D)
  2 orc warriors (D)
  2 hydra simulacra (D)
  A swamp drake (D)
  A black mamba simulacrum (D)
  A fire dragon simulacrum (D)
  A necrophage (D)
  3 two-headed ogres (D)
  2 brain worms (D)
  A water elemental (D)
  A scorpion (D)
  32 killer bees (D)
  A jelly (D)
  2 orc wizards (D)
  4 orc priests (D)
  A wizard (D)
  Jessica (D)
  A necromancer (D)
  A kobold demonologist (D)
  A wolf simulacrum (D)
  3 humans (D)
  An ooze (D)
  2 swamp drake simulacra (D)
  10 orcs (D)
  A bat (D)
  2 rats (D)
  7 bushes (D)
  2 plants (D)
172 creatures vanquished.

Vanquished Creatures (others)
  2 draconian scorchers (D)
  Nessos (D)
  A hydra (D)
  3 yaktaurs (D)
  An electric eel (D)
  A bush (D)
  3 plants (D)
  4 tentacles (D)
  12 tentacle segments (D)
28 creatures vanquished.

Grand Total: 200 creatures vanquished

Notes
Turn   | Place    | Note
--------------------------------------------------------------
     0 | D        | Kidiri the Spriggan Enchanter began the quest for the Orb.
     0 | D        | Reached XP level 1. HP: 9/9 MP: 5/5
     8 | D        | Reached skill level 5 in Stealth
    38 | D        | Killed a yaktaur
   118 | D        | Noticed Jessica
   138 | D        | Killed Jessica
   138 | D        | Reached skill level 5 in Dodging
   138 | D        | Reached skill level 6 in Stealth
   138 | D        | Reached XP level 2. HP: 7/13 MP: 5/8
   138 | D        | Reached XP level 3. HP: 8/16 MP: 5/9
   144 | D        | Learned a level 2 spell: Ensorcelled Hibernation
   148 | D        | Learned a level 3 spell: Confuse
   152 | D        | Learned a level 3 spell: Tukima's Dance
   177 | D        | Killed a white draconian scorcher
   190 | D        | Killed a white draconian scorcher
   472 | D        | Killed Nessos
   620 | D        | Noticed a scorpion
   627 | D        | Killed a scorpion
   627 | D        | Reached skill level 7 in Dodging
   627 | D        | Reached skill level 8 in Stealth
   627 | D        | Reached skill level 5 in Spellcasting
   627 | D        | Reached skill level 5 in Hexes
   627 | D        | Reached skill level 1 in Ice Magic
   627 | D        | Reached XP level 4. HP: 21/21 MP: 10/12
   632 | D        | Learned a level 3 spell: Dazzling Spray
   651 | D        | Gained mutation: Your body sometimes deteriorates upon taking damage. [potion of mutation]
   651 | D        | Gained mutation: Your muscles are strong. (Str +2) [potion of mutation]
   651 | D        | Lost mutation: Your body sometimes deteriorates upon taking damage. [potion of mutation]
   652 | D        | Gained mutation: You are agile. (Dex +2) [potion of mutation]
   652 | D        | Gained mutation: You evolve. [potion of mutation]
   652 | D        | Gained mutation: You have a somewhat thin skeletal structure (Dex +2, Stealth). [potion of mutation]
   690 | D        | Noticed a water elemental
   693 | D        | Killed a water elemental
   693 | D        | Reached XP level 5. HP: 24/24 MP: 12/14
   711 | D        | Noticed a jelly
   712 | D        | Noticed a shadow
   714 | D        | Killed a shadow
   714 | D        | Reached skill level 9 in Dodging
   714 | D        | Reached skill level 10 in Stealth
   714 | D        | Reached XP level 6. HP: 28/28 MP: 14/17
   718 | D        | Killed a jelly
   723 | D        | Found a stormy altar of Qazlal.
   724 | D        | Found a sacrificial altar of Ru.
   724 | D        | Found a burning altar of Makhleb.
   724 | D        | Found a viscous altar of Jiyva.
   724 | D        | Found a shimmering altar of Xom.
   724 | D        | Found a shadowy altar of Dithmenos.
   724 | D        | Found a sparkling altar of Nemelex Xobeh.
   724 | D        | Found a corrupted altar of Lugonu.
   724 | D        | Found an opulent altar of Gozag.
   724 | D        | Noticed a spatial vortex
   730 | D        | Became a worshipper of Dithmenos the Shadowed
   731 | D        | Killed a spatial vortex
   731 | D        | Reached skill level 5 in Short Blades
   731 | D        | Reached skill level 10 in Dodging
   731 | D        | Reached skill level 11 in Stealth
   758 | D        | Found a radiant altar of Vehumet.
   759 | D        | Found a deep blue altar of Sif Muna.
   759 | D        | Found an ancient bone altar of Kikubaaqudgha.
   759 | D        | Noticed a wizard
   760 | D        | Killed a wizard
   762 | D        | Reached XP level 7. HP: 32/32 MP: 20/20
   775 | D        | Learned a level 2 spell: Sublimation of Blood
   780 | D        | Learned a level 4 spell: Condensation Shield
   785 | D        | Learned a level 4 spell: Alistair's Intoxication
   791 | D        | Found a glowing silver altar of Zin.
   792 | D        | Found a glowing golden altar of the Shining One.
   792 | D        | Found a white marble altar of Elyvilon.
   792 | D        | Noticed a deep elf priest
   794 | D        | Killed a deep elf priest
   794 | D        | Reached skill level 12 in Stealth
   794 | D        | Reached skill level 1 in Necromancy
   794 | D        | Reached skill level 1 in Poison Magic
   794 | D        | Reached skill level 1 in Invocations
   805 | D        | Found an iron altar of Okawaru.
   806 | D        | Found a bloodstained altar of Trog.
   806 | D        | Noticed a human
   806 | D        | Noticed a human
   809 | D        | Killed a human
   811 | D        | Killed a human
   811 | D        | Acquired Dithmenos's first power
   811 | D        | Reached XP level 8. HP: 36/36 MP: 14/22
   858 | D        | Found a snail-covered altar of Cheibriados.
   858 | D        | Noticed a necrophage
   860 | D        | Noticed a necromancer
   866 | D        | Killed a necrophage
   867 | D        | Found a basalt altar of Yredelemnul.
   867 | D        | Found a blossoming altar of Fedhas.
   874 | D        | Killed a necromancer
   887 | D        | Learned a level 4 spell: Petrify
  1057 | D        | Noticed a two-headed ogre
  1057 | D        | Noticed a two-headed ogre
  1063 | D        | Killed a two-headed ogre
  1074 | D        | Noticed a two-headed ogre
  1076 | D        | Killed a two-headed ogre
  1076 | D        | Reached skill level 10 in Spellcasting
  1079 | D        | Killed a two-headed ogre
  1079 | D        | Acquired Dithmenos's second power
  1179 | D        | Noticed a hill giant
  1182 | D        | Killed a hill giant
  1182 | D        | Reached skill level 13 in Stealth
  1182 | D        | Reached skill level 1 in Earth Magic
  1188 | D        | Noticed a hill giant
  1188 | D        | Noticed Erolcha
  1190 | D        | Killed Erolcha
  1190 | D        | Reached XP level 9. HP: 39/39 MP: 24/24
  1191 | D        | Killed a hill giant
  1297 | D        | Noticed a redback
  1299 | D        | Killed a redback
  1299 | D        | Acquired Dithmenos's third power
  1299 | D        | Reached skill level 14 in Stealth
  1299 | D        | Reached skill level 5 in Transmutations
  1303 | D        | Noticed a trapdoor spider
  1305 | D        | Killed a trapdoor spider
  1373 | D        | Noticed a trapdoor spider
  1385 | D        | Killed a trapdoor spider
  1573 | D        | Noticed a killer bee
  1573 | D        | Noticed a killer bee
  1573 | D        | Noticed a killer bee
  1573 | D        | Noticed a killer bee
  1573 | D        | Noticed a killer bee
  1573 | D        | Noticed a killer bee
  1573 | D        | Noticed a killer bee
  1573 | D        | Noticed a killer bee
  1573 | D        | Noticed a killer bee
  1573 | D        | Noticed a killer bee
  1573 | D        | Noticed a killer bee
  1573 | D        | Noticed a killer bee
  1573 | D        | Noticed a killer bee
  1573 | D        | Noticed a killer bee
  1573 | D        | Noticed a queen bee
  1574 | D        | Noticed a killer bee
  1574 | D        | Noticed a killer bee
  1574 | D        | Noticed a killer bee
  1574 | D        | Noticed a killer bee
  1574 | D        | Noticed a killer bee
  1574 | D        | Noticed a killer bee
  1574 | D        | Noticed a killer bee
  1574 | D        | Noticed a killer bee
  1574 | D        | Noticed a killer bee
  1574 | D        | Noticed a killer bee
  1574 | D        | Noticed a killer bee
  1574 | D        | Noticed a killer bee
  1574 | D        | Noticed a killer bee
  1574 | D        | Noticed a killer bee
  1574 | D        | Noticed a killer bee
  1574 | D        | Noticed a killer bee
  1574 | D        | Noticed a killer bee
  1574 | D        | Noticed a killer bee
  1581 | D        | Killed a killer bee
  1583 | D        | Killed a killer bee
  1585 | D        | Killed a killer bee
  1587 | D        | Killed a killer bee
  1587 | D        | Acquired Dithmenos's fourth power
  1589 | D        | Killed a killer bee
  1591 | D        | Killed a killer bee
  1668 | D        | Killed a yaktaur
  1738 | D        | Killed a killer bee
  1740 | D        | Killed a killer bee
  1740 | D        | Reached skill level 5 in Ice Magic
  1742 | D        | Killed a killer bee
  1775 | D        | Killed a killer bee
  1777 | D        | Killed a killer bee
  1802 | D        | Killed a killer bee
  1807 | D        | Killed a killer bee
  1866 | D        | Killed a killer bee
  1872 | D        | Killed a killer bee
  1883 | D        | Learned a level 5 spell: Irradiate
  1885 | D        | Killed a killer bee
  1888 | D        | Killed a killer bee
  1890 | D        | Killed a killer bee
  1892 | D        | Killed a killer bee
  1894 | D        | Killed a killer bee
  1896 | D        | Killed a killer bee
  1898 | D        | Killed a killer bee
  1901 | D        | Killed a queen bee
  1901 | D        | Reached XP level 10. HP: 44/44 MP: 3/26
  1906 | D        | Killed a killer bee
  1908 | D        | Killed a killer bee
  1908 | D        | Reached skill level 15 in Stealth
  2051 | D        | Killed a killer bee
  2058 | D        | Killed a killer bee
  2060 | D        | Killed a killer bee
  2066 | D        | Killed a killer bee
  2068 | D        | Killed a killer bee
  2068 | D        | Reached skill level 5 in Poison Magic
  2070 | D        | Killed a killer bee
  2074 | D        | Killed a killer bee
  2088 | D        | Killed a killer bee
  2269 | D        | Noticed a wandering mushroom
  2270 | D        | Noticed a wandering mushroom
  2270 | D        | Noticed a wandering mushroom
  2271 | D        | Killed a wandering mushroom
  2273 | D        | Killed a wandering mushroom
  2285 | D        | Killed a wandering mushroom
  2450 | D        | Noticed a spiny frog
  2450 | D        | Noticed a komodo dragon
  2450 | D        | Noticed a spiny frog
  2453 | D        | Killed a komodo dragon
  2454 | D        | Killed a spiny frog
  2455 | D        | Killed a spiny frog
  2525 | D        | Noticed a redback
  2527 | D        | Killed a redback
  2528 | D        | Noticed a brain worm
  2531 | D        | Killed a brain worm
  2537 | D        | Noticed a brain worm
  2539 | D        | Killed a brain worm
  2539 | D        | Reached skill level 5 in Necromancy
  2542 | D        | Noticed a lindwurm
  2544 | D        | Noticed a redback
  2545 | D        | Killed a lindwurm
  2545 | D        | Reached skill level 16 in Stealth
  2545 | D        | Reached skill level 5 in Conjurations
  2547 | D        | Killed a redback
  2552 | D        | Noticed a redback
  2553 | D        | Killed a redback
  2554 | D        | Noticed Maud
  2556 | D        | Killed Maud
  2556 | D        | Reached skill level 15 in Dodging
  2556 | D        | Reached skill level 10 in Hexes
  2556 | D        | Reached skill level 5 in Earth Magic
  2556 | D        | Reached XP level 11. HP: 47/47 MP: 27/29
  2561 | D        | Noticed an electric eel
  2561 | D        | Gained mutation: You have an increased reservoir of magic (+10% MP). [evolution]
  2562 | D        | Noticed a five-headed hydra
  2562 | D        | Noticed a six-headed hydra
  2563 | D        | Killed an electric eel
  2570 | D        | Killed a six-headed hydra
  2572 | D        | Killed a five-headed hydra
  2572 | D        | Reached skill level 17 in Stealth
  2577 | D        | Noticed a death drake
  2580 | D        | Killed a death drake
  2670 | D        | Found a blossoming altar of Fedhas.
  2670 | D        | Noticed a spriggan
  2670 | D        | Noticed a spriggan druid
  2670 | D        | Noticed a spriggan
  2672 | D        | Killed a spriggan druid
  2673 | D        | Killed a spriggan
  2674 | D        | Killed a spriggan
  2727 | D        | Noticed an ice dragon
  2734 | D        | Killed an ice dragon
  2771 | D        | Noticed an ice dragon
  2775 | D        | Killed an ice dragon
  2846 | D        | Found Ulliot's Magic Scroll Emporium.
  2846 | D        | Found Rebois's Antique Weapon Shop.
  2846 | D        | Found Nagivum's Jewellery Shoppe.
  2846 | D        | Noticed an ice dragon
  2915 | D        | Killed a two-headed hydra simulacrum
  2990 | D        | Noticed a swamp drake
  2990 | D        | Noticed a fire drake
  2991 | D        | Killed a fire drake
  2993 | D        | Killed a swamp drake
  3000 | D        | Noticed a blink frog
  3000 | D        | Noticed a blink frog
  3000 | D        | Noticed a blink frog
  3001 | D        | Noticed a blink frog
  3001 | D        | Noticed a blink frog
  3002 | D        | Killed a blink frog
  3006 | D        | Killed a blink frog
  3007 | D        | Killed a blink frog
  3009 | D        | Killed a blink frog
  3012 | D        | Killed a blink frog
  3059 | D        | Killed a five-headed hydra
  3064 | D        | Noticed Rupert
  3071 | D        | Killed Rupert
  3071 | D        | Reached skill level 18 in Stealth
  3108 | D        | Noticed a death yak
  3109 | D        | Noticed a death yak
  3109 | D        | Noticed a blink frog
  3110 | D        | Killed a death yak
  3110 | D        | Reached XP level 12. HP: 51/51 MP: 29/34
  3111 | D        | Noticed an azure jelly
  3111 | D        | Noticed a death yak
  3111 | D        | Noticed an azure jelly
  3111 | D        | Noticed a blink frog
  3111 | D        | Noticed a death yak
  3112 | D        | Killed a death yak
  3112 | D        | Reached skill level 10 in Short Blades
  3113 | D        | Killed a blink frog
  3114 | D        | Noticed a blink frog
  3114 | D        | Noticed a black mamba
  3121 | D        | Killed a blink frog
  3130 | D        | Killed a death yak
  3138 | D        | Noticed an azure jelly
  3138 | D        | Noticed an azure jelly
  3147 | D        | Killed a death yak
  3174 | D        | Noticed a black mamba
  3174 | D        | Killed a blink frog
  3179 | D        | Killed a black mamba
  3181 | D        | Killed a black mamba
  3339 | D        | Noticed a snapping turtle
  3343 | D        | Noticed a kraken
  3344 | D        | Killed a snapping turtle
  3344 | D        | Reached skill level 19 in Stealth
  3344 | D        | Reached skill level 15 in Spellcasting
  3374 | D        | Noticed a snapping turtle
  3377 | D        | Noticed a snapping turtle
  3377 | D        | Noticed a snapping turtle
  3390 | D        | Killed a kraken
  3390 | D        | Reached skill level 10 in Transmutations
  3531 | D        | Killed a snapping turtle
  3549 | D        | Noticed a snapping turtle
  3549 | D        | Noticed an alligator snapping turtle
  3549 | D        | Found Jotej's Magic Scroll Shop.
  3549 | D        | Found Josenat's Jewellery Boutique.
  3549 | D        | Found Kuod's Antique Weapon Shoppe.
  3550 | D        | Killed a snapping turtle
  3552 | D        | Killed an alligator snapping turtle
  3555 | D        | Killed a snapping turtle
  3557 | D        | Killed a snapping turtle
  3573 | D        | Got a barnacled rune of Zot
  3622 | D        | Noticed an elephant
  3622 | D        | Noticed an elephant
  3622 | D        | Noticed a dire elephant
  3622 | D        | Noticed a dire elephant
  3622 | D        | Noticed Gastronok
  3624 | D        | Killed Gastronok
  3625 | D        | Killed a dire elephant
  3627 | D        | Killed a dire elephant
  3631 | D        | Killed an elephant
  3633 | D        | Killed an elephant
  3648 | D        | Lost mutation: You are agile. (Dex +2) [potion of mutation]
  3648 | D        | Gained mutation: You are dopey. (Int -2) [potion of mutation]
  3648 | D        | Gained mutation: Your muscles are very strong. (Str +4) [potion of mutation]
  3767 | D        | Noticed Wiglaf
  3767 | D        | Noticed Frances
  3769 | D        | Killed Wiglaf
  3769 | D        | Reached skill level 20 in Stealth
  3769 | D        | Reached XP level 13. HP: 55/55 MP: 31/37
  3770 | D        | Killed Frances
  3796 | D        | Noticed an orc high priest
  3796 | D        | Noticed an orc high priest
  3797 | D        | Noticed an orc priest
  3797 | D        | Noticed an orc priest
  3798 | D        | Killed an orc high priest
  3799 | D        | Killed an orc high priest
  3801 | D        | Killed an orc priest
  3802 | D        | Killed an orc priest
  3825 | D        | Noticed an orange crystal statue
  3829 | D        | Noticed a spriggan defender
  3830 | D        | Noticed a spriggan defender
  3830 | D        | Noticed a spriggan defender
  3830 | D        | Noticed a spriggan defender
  3831 | D        | Killed a spriggan defender
  3832 | D        | Killed a spriggan defender
  3834 | D        | Killed a spriggan defender
  3835 | D        | Killed a spriggan defender
  3959 | D        | Noticed a purple ugly thing
  3961 | D        | Killed a purple ugly thing
  3991 | D        | Noticed a centaur warrior
  3995 | D        | Killed a centaur warrior
  4004 | D        | Noticed a fire dragon
  4006 | D        | Killed a fire dragon
  4030 | D        | Noticed a halberd of freezing
  4030 | D        | Noticed a trident of piercing
  4031 | D        | Noticed a hand axe of freezing
  4032 | D        | Noticed a morningstar of flaming
  4033 | D        | Killed a hand axe of freezing
  4051 | D        | Killed a morningstar of flaming
  4057 | D        | Killed a trident of piercing
  4327 | D        | Killed a halberd of freezing
  4402 | D        | Killed an orange crystal statue
  4468 | D        | Found Cufeses's Antique Armour Emporium.
  4468 | D        | Found Tuc Woj's General Store.
  4468 | D        | Found Mies's Jewellery Boutique.
  4468 | D        | Found Luoc's Book Shoppe.
  4468 | D        | Found Heyh Weh's Antique Weapon Boutique.
  4468 | D        | Found Noarghuel's Distillery.
  4468 | D        | Found Wonysuug's Magic Scroll Shoppe.
  4468 | D        | Found Ruphi's Food Shop.
  4468 | D        | Found Foap's Weapon Shop.
  4468 | D        | Found Fecuph's Gadget Emporium.
  4468 | D        | Found Wasmicko's Assorted Antiques.
  4468 | D        | Found Nusimee's Gadget Boutique.
  4626 | D        | Found Cavvuf's Food Shop.
  4626 | D        | Noticed an orc wizard
  4626 | D        | Noticed an orc priest
  4626 | D        | Noticed an orc priest
  4626 | D        | Noticed an orc warrior
  4626 | D        | Noticed an orc warrior
  4627 | D        | Noticed an orc wizard
  4627 | D        | Noticed an orc knight
  4628 | D        | Killed an orc priest
  4629 | D        | Killed an orc priest
  4640 | D        | Killed an orc knight
  4640 | D        | Reached skill level 21 in Stealth
  4644 | D        | Killed an orc warrior
  4653 | D        | Killed an orc wizard
  4654 | D        | Killed an orc warrior
  4659 | D        | Killed an orc wizard
  4954 | D        | Bought the ring of Due Proportion {+Fly rF- rC++ SInv} for 509 gold pieces
  4954 | D        | Bought an uncursed ring of protection from cold for 325 gold pieces
  5063 | D        | Bought a scroll of enchant armour for 90 gold pieces
  5063 | D        | Bought a scroll of identify for 24 gold pieces
  5063 | D        | Bought a scroll of identify for 24 gold pieces
  5063 | D        | Bought 3 scrolls of identify for 72 gold pieces
  5065 | D        | Bought the ring "Oplius" {Int+9 Stlth-} for 334 gold pieces
  5185 | D        | Killed an ice dragon
  5354 | D        | Got a decaying rune of Zot
  5526 | D        | Noticed a fire dragon simulacrum
  5526 | D        | Noticed a six-headed hydra simulacrum
  5527 | D        | Noticed a wolf simulacrum
  5527 | D        | Noticed a black mamba simulacrum
  5528 | D        | Killed a six-headed hydra simulacrum
  5529 | D        | Killed a black mamba simulacrum
  5531 | D        | Killed a wolf simulacrum
  5542 | D        | Killed a fire dragon simulacrum
  5565 | D        | Lost mutation: You are dopey. (Int -2) [evolution]
  5787 | D        | Killed a yaktaur
  5816 | D        | Noticed a slime creature
  5816 | D        | Noticed a slime creature
  5816 | D        | Noticed a slime creature
  5816 | D        | Noticed a purple ugly thing
  5818 | D        | Killed a purple ugly thing
  5821 | D        | Killed a slime creature
  5821 | D        | Reached skill level 1 in Evocations
  5823 | D        | Killed a slime creature
  5824 | D        | Noticed a yaktaur captain
  5825 | D        | Killed a slime creature
  5887 | D        | Killed a yaktaur captain
  5897 | D        | Noticed Chuck
  6145 | D        | Noticed a white ugly thing
  6160 | D        | Got a vibrating copper ring
  6174 | D        | Killed a white ugly thing
  6177 | D        | HP: 1/55 [Chuck/large rock of returning (35)]
  6392 | D        | Identified the ring "Nomud" {Wiz Int+5} (You found it in the Dungeon)
  6413 | D        | Killed Chuck
  6413 | D        | Reached skill level 10 in Poison Magic
  6523 | D        | Noticed a white ugly thing
  6526 | D        | Killed a white ugly thing
  6527 | D        | Noticed Norris
  6527 | D        | Noticed a cyan ugly thing
  6529 | D        | Killed a cyan ugly thing
  6591 | D        | Slain by Norris

Vault maps used:
D:        dungeon_sprint_mu

Action                   |  1- 3 |  4- 6 |  7- 9 | 10-12 | 13-15 || total
-------------------------+-------+-------+-------+-------+-------++-------
Melee: Dagger            |    33 |     6 |    54 |    90 |    84 ||   267
       Quick blade       |       |       |       |       |   179 ||   179
 Cast: Corona            |     3 |       |       |       |       ||     3
       Ensorcelled Hiber |     8 |       |    47 |    22 |     3 ||    80
       Confuse           |       |       |     5 |     8 |     9 ||    22
       Dazzling Spray    |       |       |     4 |    12 |    27 ||    43
       Alistair's Intoxi |       |       |     2 |     2 |     2 ||     6
       Condensation Shie |       |       |       |     1 |     2 ||     3
       Petrify           |       |       |       |     1 |     1 ||     2
       Irradiate         |       |       |       |     1 |     5 ||     6
       Tukima's Dance    |       |       |       |       |     1 ||     1
Invok: Shadow Step       |       |       |       |    10 |     4 ||    14
 Abil: Evoke Flight      |       |       |       |       |     2 ||     2
       Evoke Invisibilit |       |       |       |       |     1 ||     1
  Use: Scroll            |       |     5 |       |       |     6 ||    11
       Potion            |       |     3 |     1 |     2 |     4 ||    10
 Stab: Sleeping          |     3 |     6 |    32 |    55 |    24 ||   120
       Confused          |       |       |     2 |     7 |     4 ||    13
       Held in net/web   |       |       |     1 |       |       ||     1
       Petrifying        |       |       |       |     2 |       ||     2
       Distracted        |       |       |       |     1 |       ||     1
       Invisible         |       |       |       |       |     9 ||     9
  Eat: Bread ration      |       |       |       |     1 |       ||     1
